 Dungeon Crawl Stone Soup version 0.24.1-14-gf8d2b509d9 (webtiles) character file.

Game seed: 4716005000374914385, levelgen mode: deterministic

2 Spaninq the Fighter (level 1, 26/26 HPs)
             Began as a Gnoll Wanderer on Oct 14, 2023.
             Quit the game on level 1 of the Dungeon.
             The game lasted 00:05:30 (86 turns).

Spaninq the Fighter (Gnoll Wanderer)                  Turns: 86, Time: 00:05:31

Health: 26/26      AC:  2    Str: 14    XL:     1   Next: 40%
Magic:  2/2        EV: 11    Int: 11    God:
Gold:   0          SH:  0    Dex: 17    Spells: 0/0 levels left

rFire    . . .     SeeInvis .   a - +2 shortbow
rCold    . . .     Gourm    .   (shield currently unavailable)
rNeg     . . .     Faith    .   e - +0 robe
rPois    .         Spirit   .   (no helmet)
rElec    .         Reflect  .   (no cloak)
rCorr    .         Harm     .   (no gloves)
MR       .....                  (no boots)
Stlth    ++........             (no amulet)
HPRegen  0.08/turn              (no ring)
MPRegen  0.08/turn              (no ring)

@: no status effects
A: distributed training, fangs 1, strong nose
a: no special abilities


You were on level 1 of the Dungeon.
You were not hungry.

You visited 1 branch of the dungeon, and saw 1 of its levels.

Inventory:

Hand Weapons
 a - a +2 shortbow (weapon)
Missiles
 b - 25 arrows (quivered)
Armour
 e - a +0 robe (worn)
Scrolls
 c - a scroll of teleportation
 g - a scroll of blinking {unknown}
Potions
 d - a potion of lignification
Comestibles
 f - a ration
 h - a chunk of flesh


   Skills:
 + Level 8.4 Fighting
 + Level 0.0 Short Blades
 + Level 0.0 Long Blades
 + Level 0.0 Axes
 + Level 0.0 Maces & Flails
 + Level 0.0 Polearms
 + Level 2.3 Staves
 + Level 0.0 Slings
 + Level 4.4 Bows
 + Level 0.0 Crossbows
 + Level 2.3 Throwing
 + Level 2.3 Armour
 + Level 0.0 Dodging
 + Level 0.0 Stealth
 + Level 0.0 Shields
 + Level 0.0 Unarmed Combat
 + Level 0.0 Spellcasting
 + Level 0.0 Conjurations
 + Level 0.0 Hexes
 + Level 0.0 Charms
 + Level 0.0 Summonings
 + Level 0.0 Necromancy
 + Level 0.0 Translocations
 + Level 0.0 Transmutations
 + Level 0.0 Fire Magic
 + Level 0.0 Ice Magic
 + Level 0.0 Air Magic
 + Level 0.0 Earth Magic
 + Level 0.0 Poison Magic
 + Level 0.1 Invocations
 + Level 2.3 Evocations


You couldn't memorise any spells.
You didn't know any spells.
Your spell library was empty.

Dungeon Overview and Level Annotations

Branches:
Dungeon (1/15)

Altars:


Innate Abilities, Weirdness & Mutations

Your experience applies equally to all skills.
You have very sharp teeth.
Your uncanny sense of smell can sniff out nearby items.


Message History

The frilled lizard hisses angrily.
Firing (i - inventory)
b - 25 arrows (quivered)
Press: ? - help, Shift-Dir - straight line, f - frilled lizard
Aim: a frilled lizard You shoot an arrow.
The arrow hits the frilled lizard.
You kill the frilled lizard!
b - 25 arrows (gained 1)
You see here a frilled lizard corpse.
You open the door.
There is an open door here.
HP restored.
Found an escape hatch in the floor.
Saving game... please wait.
Welcome back, Spaninq the Gnoll Wanderer.
Press ? for a list of commands and other information.
Your library has no spells.
Unknown command.
Quiver which item? (- for none, * to show all) (? for menu, Esc to quit)
Okay, then.
Are you sure you want to abandon this character and quit the game? (Confirm with "yes".)

#.....
#?....############.....
#.....#........†.......
#...>.#................
#.....#............####
#.....+............#
#....#............#
.##....#............#
.......@............#
##############......#
#......# ∆ #.##'###
#.##.# #.##.# #.##.#
#.##.# #.##.#


There were no monsters in sight!

Vanquished Creatures
  A leopard gecko (D:1)
  A frilled lizard (D:1)
2 creatures vanquished.

Notes
Turn   | Place    | Note
-------+----------+-------------------------------------------
     0 | D:1      | Spaninq the Gnoll Wanderer began the quest for the Orb.
     0 | D:1      | Spaninq set off with the following items: a +2 shortbow, 25
                  | arrows, a scroll of teleportation, a potion of
                  | lignification, a +0 robe, a ration
     0 | D:1      | Reached XP level 1. HP: 26/26 MP: 2/2
    86 | D:1      | Quit the game

Levels and vault maps discovered:
D:1:      dpeg_arrival_long_road, layout_basic, ebering_dispersal_statue_hall

Action                   || total
-------------------------++-------
 Fire: Shortbow          ||     5
Dodge: Dodged            ||     2
